 Dungeon Crawl Stone Soup version 0.29-a0-416-g83a48905f1 (webtiles) character file.

Game seed: 5902717459207277124

34 siradein the Skirmisher (level 3, 0/33 HPs)
             Began as a Ghoul Fighter on May 16, 2022.
             Slain by Natasha (8 damage)
             ... on level 2 of the Dungeon.
             The game lasted 00:04:57 (1132 turns).

siradein the Skirmisher (Ghoul Fighter)             Turns: 1132, Time: 00:04:58

Health: 0/33       AC:  7    Str: 21    XL:     3   Next: 31%
Magic:  2/2        EV:  9    Int:  3    God:
Gold:   93         SH:  4    Dex:  8    Spells: 2/2 levels left

rFire   . . .      SeeInvis .     - Unarmed
rCold   + . .      Faith    .   b - +0 buckler
rNeg    + + +      Spirit   .   a - +0 scale mail
rPois   ∞          Reflect  .   (no helmet)
rElec   .          Harm     .   (no cloak)
rCorr   .          Rampage  .   (no gloves)
Will    .....                   f - +0 pair of boots
Stlth   ..........              (no amulet)
HPRegen 0.00/turn               (no ring)
MPRegen 0.08/turn               (no ring)

@: inhibited regen, slowed, very slow
A: claws 1, cold resistance 1, negative energy resistance 3, inhibited
regeneration, torment resistance 2, devour on kill
a: no special abilities


You were on level 2 of the Dungeon.
You visited 1 branch of the dungeon, and saw 2 of its levels.

You collected 93 gold pieces.

Inventory:

Armour
 a - a +0 scale mail (worn)
 b - a +0 buckler (worn)
 f - a +0 pair of boots (worn)
Jewellery
 k - a ring of wizardry
Scrolls
 d - a scroll of torment {unknown}
 e - a scroll of teleportation {unknown}
 h - a scroll of enchant armour {unknown}
 i - 2 scrolls of identify {unknown}
 l - a scroll of brand weapon {unknown}
Potions
 c - a potion of might
 g - a potion of flight {unknown}
 j - a potion of brilliance {unknown}


   Skills:
 + Level 4.1 Fighting
 - Level 2.6 Armour
 - Level 2.6 Shields
 + Level 3.2 Unarmed Combat


You had 2 spell levels left.
You didn't know any spells.
Your spell library contained the following spells:

 Spells                   Type           Power      Damage    Failure   Level
 Animate Skeleton         Necr           0%         N/A       92%         1
 Freeze                   Ice            0%         1d3       92%         1
 Pain                     Necr           0%         1d4       92%         1
 Summon Small Mammal      Summ           0%         N/A       92%         1
 Corpse Rot               Necr/Air       0%         N/A       98%         2
 Poisonous Vapours        Pois/Air       0%         N/A       98%         2
 Scorch                   Fire           0%         2d5       98%         2
 Call Canine Familiar     Summ           0%         N/A       100%        3
 Frozen Ramparts          Ice            0%         1d2       100%        3
 Summon Guardian Golem    Hex/Summ       0%         N/A       100%        3
 Vampiric Draining        Necr           0%         2d6       100%        3
 Flame Wave               Conj/Fire      0%         2d4       100%        4
 Hailstorm                Conj/Ice       0%         3d3       100%        4
 Summon Cactus Giant      Summ           0%         N/A       100%        6


Dungeon Overview and Level Annotations

Branches:
Dungeon (2/15)

Altars:

Annotations:
D:2 Natasha, Sigmund


Innate Abilities, Weirdness & Mutations

You are immune to poison.
You have sharp fingernails.
Your flesh is cold resistant. (rC+)
You are immune to negative energy. (rN+++)
You do not regenerate when monsters are visible.
You are immune to unholy pain and torment.
You thrive by killing the living.


Message History

Natasha is heavily wounded.
Natasha casts a spell at you.
You feel yourself slow down.
You barely miss Natasha.
Natasha is heavily wounded.
Natasha stares at you and mumbles some strange words.
The magic dart hits you but does no damage.
Natasha misses you.
You closely miss Natasha.
Natasha is heavily wounded.
Natasha mumbles some strange words.
You scratch Natasha.
Natasha is severely wounded.
Natasha barely misses you. The white imp barely misses you. Natasha claws you.
You scratch Natasha but do no damage.
Natasha is severely wounded.
The white imp barely misses you. Natasha claws you. The white imp hits you.
The white imp freezes you. You resist.
You are too injured to fight recklessly!
Unknown command.
You scratch Natasha.
Natasha is severely wounded.
A kobold comes into view. It is wielding a +0 club.
Natasha claws you.
The white imp hits you but does no damage.
Natasha stares at you and mumbles some strange words.
You feel as though you will be slow longer.
You closely miss Natasha.
Natasha is severely wounded.
The kobold shouts!
The white imp gestures at you. The puff of frost hits you. You resist.
Natasha claws you.
* * * LOW HITPOINT WARNING * * *
You scratch Natasha.
Natasha is almost dead.
The white imp gestures at you. The puff of frost hits you. You resist.
* * * LOW HITPOINT WARNING * * *
Natasha claws you!
You die...

#.......#..#..
#.......#....#
##........####
#########.####.###
#............#.#
#.####..#.##.#.#
###..#.# #
#......# #.#@.###
#.#h5......
.....####..
##.#K## #.#.#
#.#.# ....# #.###


You could see Natasha, a white imp (summoned) and a kobold.

Vanquished Creatures
  5 ball pythons
  2 bats (D:1)
  2 endoplasms (D:1)
  A giant cockroach (D:1)
  3 goblins
  A hobgoblin (D:1)
  7 jackals
  2 quokkas (D:1)
  A frilled lizard (D:1)
  2 kobolds (D:1)
  4 rats (D:1)
30 creatures vanquished.

Notes
Turn   | Place    | Note
-------+----------+-------------------------------------------
     0 | D:1      | siradein the Ghoul Fighter began the quest for the Orb.
     0 | D:1      | Reached XP level 1. HP: 19/19 MP: 0/0
   189 | D:1      | Reached XP level 2. HP: 24/26 MP: 1/1
   726 | D:1      | Found a faded altar of an unknown god.
   774 | D:1      | Reached XP level 3. HP: 32/33 MP: 2/2
   825 | D:1      | Reached skill level 4 in Fighting
  1041 | D:2      | Noticed Sigmund
  1112 | D:2      | Noticed Natasha
  1132 | D:2      | Slain by Natasha

Illustrated notes

Levels and vault maps discovered:
D:1:      dpeg_arrival_windows_large_door, layout_basic, basic_ecumenical_altar,
          minmay_pentomino_v2
D:2:      layout_loops_cross, kennysheep_generic_room_10, uniq_sigmund,
          uniq_natasha

Skill      XL: |  1  2  3 |
---------------+----------+-----
Unarmed Combat | 3 |  3.2
Fighting       | 4 |  4.1
Armour         | |  2.6
Shields        | |  2.6

Action                   || total
-------------------------++-------
Melee: Unarmed           ||   115
Armor: Scale mail        ||    51
Dodge: Dodged            ||    38
Block: Buckler           ||    21

Table legend: (Time is in decaauts)
 A = Elapsed time spent in this place.
 B = Non-inter-level travel time spent in this place.
 C = Inter-level travel time spent in this place.
 D = Time resting spent in this place.
 E = Time spent auto-exploring this place.
 F = Levels seen in this place.
 G = Mean time per level.
                   A        B        C        D        E       F      G
               +--------+--------+--------+--------+--------+-----+--------+
         Total |   1136 |   1093 |     43 |    185 |    621 |   2 |  568.0 |
       Dungeon |   1136 |   1093 |     43 |    185 |    621 |   2 |  568.0 |
               +--------+--------+--------+--------+--------+-----+--------+

Top non-repeatable levels by time:
     D:1: 1034 daAuts
     D:2: 101 daAuts
